 Dungeon Crawl Stone Soup version 0.27-a0-1137-g3ef0f4ec91 (webtiles) character file.

Game seed: 14054060620397448530

307 siradein the Carver (level 6, -4/51 HPs)
             Began as a Gnoll Wanderer on May 6, 2021.
             Slain by an iguana (5 damage)
             ... on level 5 of the Dungeon.
             The game lasted 00:07:01 (3158 turns).

siradein the Carver (Gnoll Wanderer)                Turns: 3158, Time: 00:07:02

Health: -4/51      AC:  4    Str: 10    XL:     6   Next: 40%
Magic:  9/9        EV: 11    Int: 13    God:
Gold:   112        SH:  0    Dex: 13    Spells: 9/9 levels left

rFire    . . .     SeeInvis .   a - +0 falchion
rCold    + . .     Faith    .   (no shield)
rNeg     . . .     Spirit   .   e - +0 leather armour {rC+}
rPois    .         Reflect  .   (no helmet)
rElec    .         Harm     .   i - +0 cloak
rCorr    .         Rampage  .   (no gloves)
Will     .....                  (no boots)
Stlth    ++........             (no amulet)
HPRegen  0.17/turn              (no ring)
MPRegen  0.11/turn              (no ring)

@: no status effects
A: fangs 1, strong nose, distributed training
a: no special abilities


You were on level 5 of the Dungeon.
You visited 1 branch of the dungeon, and saw 4 of its levels.

You collected 112 gold pieces.

Inventory:

Hand Weapons
 a - a +0 falchion (weapon)
Missiles
 f - a throwing net
Armour
 e - a +0 leather armour of cold resistance (worn)
 i - a +0 cloak (worn)
Jewellery
 h - a ring of ice
Scrolls
 d - a scroll of fog {unknown}
 j - a scroll of enchant weapon {unknown}
 k - a scroll of blinking {unknown}
 l - 2 scrolls of identify {unknown}
 m - a scroll of amnesia
Potions
 b - 2 potions of curing
 g - a potion of attraction {unknown}
 n - a potion of berserk rage {unknown}
 o - a potion of mutation {unknown}
Miscellaneous
 c - a tin of tremorstones (2/2) (quivered)


   Skills:
 + Level 5.0 Fighting
 + Level 2.0 Short Blades
 + Level 8.7 Long Blades
 + Level 2.0 Axes
 + Level 2.0 Maces & Flails
 + Level 3.2 Polearms
 + Level 2.0 Staves
 + Level 2.0 Slings
 + Level 2.0 Bows
 + Level 2.0 Crossbows
 + Level 2.0 Throwing
 + Level 2.0 Armour
 + Level 2.0 Dodging
 + Level 3.1 Stealth
 + Level 3.2 Shields
 + Level 2.0 Unarmed Combat
 + Level 2.0 Spellcasting
 + Level 1.5 Conjurations
 + Level 1.5 Hexes
 + Level 1.5 Summonings
 + Level 1.5 Necromancy
 + Level 1.5 Translocations
 + Level 1.5 Transmutations
 + Level 1.5 Fire Magic
 + Level 1.5 Ice Magic
 + Level 1.5 Air Magic
 + Level 1.5 Earth Magic
 + Level 1.5 Poison Magic
 + Level 2.1 Invocations
 + Level 3.2 Evocations


You had 9 spell levels left.
You didn't know any spells.
Your spell library was empty.

Dungeon Overview and Level Annotations

Branches:
Dungeon (4/15)
 Temple: D:4-7

Altars:


Innate Abilities, Weirdness & Mutations

You have very sharp teeth.
Your uncanny sense of smell can sniff out nearby items.
Your experience applies equally to all skills.


Message History

The iguana hisses menacingly.
The shadow imp spits at you.
The gnoll sergeant drinks a potion.
The gnoll sergeant suddenly seems more resistant.
The iguana bites you but does no damage.
The gnoll hits you from afar with a +0 spear.
You hit the iguana.
The iguana is lightly wounded.
The gnoll reads a scroll.
Wisps of shadow swirl around the gnoll.
The iguana bites you. The gnoll barely misses you.
Your leather armour prevents you from hitting the iguana.
You bite the iguana, but do no damage.
The iguana is lightly wounded.
The iguana bites you.
You hit the iguana but do no damage.
The iguana is lightly wounded.
The gnoll closely misses you. The iguana barely misses you.
You barely miss the iguana.
The iguana is lightly wounded.
The gnoll hits you from afar with a +0 spear.
The iguana bites you!
You hit the iguana.
The iguana is lightly wounded.
The gnoll closely misses you. The iguana misses you.
You completely miss the iguana.
The iguana is lightly wounded.
The gnoll hits you from afar with a +0 spear.
You slash the iguana!
The iguana is heavily wounded.
The iguana bites you. The gnoll closely misses you.
You hit the iguana but do no damage.
The iguana is heavily wounded.
The iguana bites you!
* * * LOW HITPOINT WARNING * * *
The gnoll hits you from afar with a +0 spear.
* * * LOW HITPOINT WARNING * * *
You closely miss the iguana.
The iguana is heavily wounded.
The iguana bites you.
You die...

∆ <.........
#########.........
#...........?.....
#.#######.........
#.# #...g..... #.#
#......... #.#
#.........
#.#######g........
#.##..@lg5o.......
#.##'####g........
#.......#.........
#.......#.........
#....[..#.........
#.......##########
#.......#
#.......#
#.......#


You could see a gnoll sergeant (resistant), an iguana, an orc priest (summoned),
2 gnolls and a shadow imp.

Vanquished Creatures
  A necrophage (D:4)
  A howler monkey (D:4)
  A bullfrog skeleton (D:5)
  An iguana (D:5)
  Terence (D:2)
  3 adders
  A worm (D:2)
  4 dart slugs
  2 orcs (D:4)
  4 ball pythons
  4 endoplasms
  4 giant cockroaches
  8 goblins
  3 hobgoblins
  4 jackals
  5 kobolds
  3 quokkas
  5 bats
  2 frilled lizards (D:1)
  7 rats
64 creatures vanquished.

Vanquished Creatures (others)
  A rat (D:1)
1 creature vanquished.

Grand Total: 65 creatures vanquished

Notes
Turn   | Place    | Note
-------+----------+-------------------------------------------
     0 | D:1      | siradein the Gnoll Wanderer began the quest for the Orb.
     0 | D:1      | siradein set off with the following items: a +0 falchion, a
                  | potion of curing, a tin of tremorstones (2/2), a +0 robe
     0 | D:1      | Reached XP level 1. HP: 20/20 MP: 1/1
   308 | D:1      | Reached XP level 2. HP: 18/26 MP: 2/2
   846 | D:1      | Reached XP level 3. HP: 31/31 MP: 3/3
  1141 | D:1      | Reached skill level 1 in Invocations
  1504 | D:2      | Reached skill level 1 in Short Blades
  1504 | D:2      | Reached skill level 1 in Axes
  1504 | D:2      | Reached skill level 1 in Maces & Flails
  1504 | D:2      | Reached skill level 1 in Staves
  1504 | D:2      | Reached skill level 1 in Slings
  1504 | D:2      | Reached skill level 1 in Bows
  1504 | D:2      | Reached skill level 1 in Crossbows
  1504 | D:2      | Reached skill level 1 in Throwing
  1504 | D:2      | Reached skill level 1 in Armour
  1504 | D:2      | Reached skill level 1 in Dodging
  1504 | D:2      | Reached skill level 1 in Unarmed Combat
  1504 | D:2      | Reached skill level 1 in Spellcasting
  1856 | D:2      | Reached XP level 4. HP: 38/38 MP: 5/5
  1858 | D:2      | Noticed Terence
  1883 | D:2      | Killed Terence
  1903 | D:2      | Reached skill level 1 in Conjurations
  1903 | D:2      | Reached skill level 1 in Hexes
  1903 | D:2      | Reached skill level 1 in Summonings
  1903 | D:2      | Reached skill level 1 in Necromancy
  1903 | D:2      | Reached skill level 1 in Translocations
  1903 | D:2      | Reached skill level 1 in Transmutations
  1903 | D:2      | Reached skill level 1 in Fire Magic
  1903 | D:2      | Reached skill level 1 in Ice Magic
  1903 | D:2      | Reached skill level 1 in Air Magic
  1903 | D:2      | Reached skill level 1 in Earth Magic
  1903 | D:2      | Reached skill level 1 in Poison Magic
  2048 | D:2      | You fall into a shaft and drop 2 floors!
  2081 | D:4      | Noticed a necrophage
  2097 | D:4      | Killed a necrophage
  2098 | D:4      | Reached XP level 5. HP: 28/43 MP: 5/7
  2141 | D:4      | Reached XP level 6. HP: 32/50 MP: 8/8
  2753 | D:4      | You fall into a shaft and drop 1 floor!
  2753 | D:5      | Entered Level 5 of the Dungeon
  2887 | D:5      | Reached skill level 5 in Fighting
  3157 | D:5      | HP: 1/51 [gnoll/+0 spear (5)]
  3158 | D:5      | Slain by an iguana

Illustrated notes

Levels and vault maps discovered:
D:1:      psy_arrival_dodecagon, layout_loops_cross
D:2:      layout_loops_ring, minmay_indecisive_spiral, uniq_crazy_yiuf_cottage,
          uniq_terence
D:4:      layout_basic, pdpol_temple_overflow_zin_treasury_gozag_greed
D:5:      layout_basic, nemelex_diamond_rough_becter,
          nicolae_ru_great_annihilating_truth, uniq_grinder

Skill      XL: |  1  2  3  4  5  6 |
---------------+-------------------+-----
Invocations    | 1 2 |  2.1
Short Blades   | 1 2 |  2.0
Axes           | 1 2 |  2.0
Maces & Flails | 1 2 |  2.0
Staves         | 1 2 |  2.0
Slings         | 1 2 |  2.0
Bows           | 1 2 |  2.0
Crossbows      | 1 2 |  2.0
Throwing       | 1 2 |  2.0
Armour         | 1 2 |  2.0
Dodging        | 1 2 |  2.0
Unarmed Combat | 1 2 |  2.0
Spellcasting   | 1 2 |  2.0
Conjurations   | 1 |  1.5
Hexes          | 1 |  1.5
Summonings     | 1 |  1.5
Necromancy     | 1 |  1.5
Translocations | 1 |  1.5
Transmutations | 1 |  1.5
Fire Magic     | 1 |  1.5
Ice Magic      | 1 |  1.5
Air Magic      | 1 |  1.5
Earth Magic    | 1 |  1.5
Poison Magic   | 1 |  1.5
Polearms       | 3 |  3.2
Shields        | 3 |  3.2
Evocations     | 3 |  3.2
Stealth        | 3 |  3.1
Fighting       | 5 |  5.0
Long Blades    | |  8.7

Action                   |  1- 3 |  4- 6 || total
-------------------------+-------+-------++-------
Melee: Falchion          |   117 |   132 ||   249
       Bite              |    12 |    15 ||    27
       Punch             |       |     1 ||     1
  Use: Scroll            |       |     1 ||     1
 Stab: Sleeping          |     3 |     2 ||     5
       Distracted        |       |     1 ||     1
Armor: Leather armour    |    28 |    21 ||    49
       Chain mail        |       |    14 ||    14
Dodge: Dodged            |    57 |    65 ||   122
       Rpst.: Falchion   |    14 |    17 ||    31

Table legend: (Time is in decaauts)
 A = Elapsed time spent in this place.
 B = Non-inter-level travel time spent in this place.
 C = Inter-level travel time spent in this place.
 D = Time resting spent in this place.
 E = Time spent auto-exploring this place.
 F = Levels seen in this place.
 G = Mean time per level.
                   A        B        C        D        E       F      G
               +--------+--------+--------+--------+--------+-----+--------+
         Total |   3125 |   3085 |     40 |      0 |   2514 |   4 |  781.2 |
       Dungeon |   3125 |   3085 |     40 |      0 |   2514 |   4 |  781.2 |
               +--------+--------+--------+--------+--------+-----+--------+

Top non-repeatable levels by time:
     D:1: 1291 daAuts
     D:2: 737 daAuts
     D:4: 695 daAuts
     D:5: 401 daAuts
